AoeStats
← markmax444

Arena

510338549Analyzed
4v4 RM · 2d ago on Sep 30, 2026· 39m 28s· 8 players
Game mode
Random Map
Map size
Large (8 player)
Population
200
Speed
Normal
Resources
Standard
Victory
Conquest
Starting age
Dark Age
Ending age
Imperial Age
RankedLock teamsTeams togetherTeam positionsShared explorationLock speedFull tech treeHidden civsTurbo modeCheats
Victory
Defeat
🇹🇼 Bengalis · Taiwan
1160
+14
🇹🇼 Slavs · Taiwan
1140
+15
🇹🇼 Koreans · Taiwan
1139
+15
🇹🇼 Vietnamese · Taiwan
1088
+17
🇺🇸 Varangians · United States
1127
-16
🇸🇰 Celts · Slovakia
1120
-15
🇵🇱 Bohemians · Poland
1118
-15
🇹🇼 Mongols · Taiwan
1102
-15
Player
11:03 Feudal Age
11:51 Double-Bit Axe
14:56 Castle Age
12:50 Horse Collar
16:07 Bow Saw
17:04 Fervor
20:52 Caravan
22:00 Loom
22:51 Wheelbarrow
focuzng
13:00 Feudal Age
13:34 Loom
14:06 Double-Bit Axe
14:13 Gold Mining
14:05 Horse Collar
18:04 Wheelbarrow
17:30 Stone Mining
21:32 Castle Age
20:09 Scale Barding Armor
22:50 Bow Saw
24:22 Hand Cart
24:14 Heavy Plow
28:03 Imperial Age
25:59 Scale Barding Armor
27:03 Town Watch
27:31 Bloodlines
27:57 Chain Barding Armor
29:06 Conscription
30:26 Forging
30:40 Drill
31:16 Husbandry
30:40 Elite Steppe Lancer
32:45 Iron Casting
36:39 Blast Furnace
38:52 Gold Shaft Mining
38:53 Stone Shaft Mining
38:41 Capped Ram
Kebab do ruky
11:41 Feudal Age
11:00 Loom
18:25 Castle Age
17:46 Horse Collar
19:23 Fletching
21:10 Bodkin Arrow
24:58 Double-Bit Axe
26:57 Padded Archer Armor
27:18 Elite Skirmisher
33:16 Imperial Age
31:31 Leather Archer Armor
34:27 Ring Archer Armor
35:00 Wheelbarrow
34:11 Town Watch
36:01 Hand Cart
37:40 Bow Saw
矮脚虎王英
10:41 Feudal Age
11:38 Double-Bit Axe
12:04 Horse Collar
14:34 Castle Age
15:52 Bow Saw
15:47 Heavy Plow
16:47 Loom
18:47 Loom
21:23 Gold Mining
28:55 Imperial Age
27:02 Wheelbarrow
26:53 Stone Mining
27:12 Scale Barding Armor
27:20 Forging
27:47 Husbandry
27:58 Bloodlines
27:52 Town Watch
29:10 Chain Barding Armor
29:26 Iron Casting
29:43 Cavalier
30:26 Vendel Legacy
31:57 Plate Barding Armor
32:54 Blast Furnace
32:34 Light Cavalry
37:40 Squires
37:42 Scale Mail Armor
37:43 Elite Varangian Guard
38:43 Chain Mail Armor
38:38 Arson
tyui18522
10:16 Feudal Age
9:12 Loom
14:19 Castle Age
12:27 Double-Bit Axe
12:48 Horse Collar
15:11 Bow Saw
16:09 Fletching
19:10 Bodkin Arrow
23:56 Wheelbarrow
30:06 Imperial Age
28:46 Ballistics
28:44 Heavy Plow
30:09 Hand Cart
31:04 Stone Mining
31:23 Gold Mining
31:48 Bracer
32:05 Guilds
32:59 Chemistry
33:15 Gold Shaft Mining
34:14 Crop Rotation
33:51 Paiks
34:06 Conscription
34:29 Town Watch
34:48 Padded Archer Armor
34:53 Scale Barding Armor
34:58 Forging
36:06 Bloodlines
35:56 Husbandry
35:23 Elite Battle Elephant
37:56 Two-Man Saw
37:26 Chain Barding Armor
37:43 Iron Casting
39:05 Plate Barding Armor
39:05 Iron Casting
39:43 Siege Engineers
39:49 Masonry
Cara G
12:15 Feudal Age
10:32 Loom
16:31 Castle Age
15:13 Double-Bit Axe
15:10 Horse Collar
17:43 Bow Saw
17:35 Heavy Plow
19:38 Wheelbarrow
25:43 Hand Cart
25:13 Town Watch
27:38 Gold Mining
27:39 Stone Mining
33:52 Imperial Age
31:42 Scale Mail Armor
31:52 Forging
31:33 Fletching
31:43 Padded Archer Armor
32:08 Ballistics
31:59 Fortified Wall
31:44 Murder Holes
34:16 Elite Rattan Archer
34:28 Sappers
35:19 Paper Money
35:09 Scale Barding Armor
35:41 Iron Casting
35:21 Chain Mail Armor
35:02 Bodkin Arrow
35:22 Leather Archer Armor
36:10 Chemistry
34:55 Arrowslits
40:25 Plate Mail Armor
40:26 Ring Archer Armor
39:56 Bracer
s28366648
11:25 Feudal Age
12:40 Double-Bit Axe
15:10 Castle Age
12:55 Horse Collar
16:52 Bow Saw
17:20 Loom
18:20 Wheelbarrow
21:55 Heavy Plow
23:38 Hand Cart
24:13 Pikeman
24:55 Squires
25:45 Gold Mining
25:45 Stone Mining
30:13 Imperial Age
28:06 Forging
27:57 Scale Mail Armor
28:03 Scale Barding Armor
30:37 Coinage
30:28 Fortified Wall
30:56 Iron Casting
30:36 Chain Mail Armor
30:42 Chain Barding Armor
30:12 Fletching
31:24 Gold Shaft Mining
30:48 Town Watch
31:36 Crop Rotation
32:12 Two-Man Saw
31:20 Halberdier
33:56 Blast Furnace
33:26 Plate Mail Armor
34:47 Bloodlines
34:38 Husbandry
36:19 Conscription
35:59 Druzhina
36:01 Detinets
35:22 Elite Boyar
38:46 Plate Barding Armor
38:06 Bodkin Arrow
38:22 Siege Engineers
38:13 Murder Holes
38:38 Ballistics
39:19 Chemistry
markmax444
10:19 Feudal Age
14:05 Castle Age
12:03 Double-Bit Axe
12:32 Horse Collar
14:50 Wheelbarrow
14:59 Bow Saw
19:48 Heavy Plow
21:36 Hand Cart
21:44 Gold Mining
22:50 Stone Mining
27:25 Imperial Age
25:19 Ballistics
24:40 Treadmill Crane
25:02 Loom
25:03 Town Watch
26:07 Gold Shaft Mining
25:36 Fletching
26:37 Masonry
26:37 Fortified Wall
27:06 Bodkin Arrow
28:04 Stone Shaft Mining
28:15 Eupseong
28:23 Bracer
29:26 Chemistry
29:53 Two-Man Saw
29:46 Arrowslits
30:30 Conscription
33:22 Shinkichon
32:24 Heavy Rocket Cart
Connection lost

Rejoining the realm…

Still unreachable

The connection could not be restored.

Session expired

The server has moved on; the page needs a fresh start.